 Dungeon Crawl Stone Soup version 0.23.2-11-gf996548c65 (webtiles) character file.

Game seed: 7222887396725860005

939 PentaManta the Shield-Bearer (level 8, -1/52 HPs)
             Began as an Octopode Fighter on June 3, 2019.
             Splashed by a jelly's acid (7 damage)
             ... on level 8 of the Dungeon.
             The game lasted 00:15:01 (5301 turns).

PentaManta the Shield-Bearer (Octopode Fighter)     Turns: 5301, Time: 00:15:03

Health: -1/52      AC: -3    Str: 15    XL:     8   Next: 12%
Magic:  8/8        EV: 13    Int: 10    God:
Gold:   239        SH: 10    Dex: 14    Spells: 7/7 levels left

rFire    . . .     SeeInvis .   y - +4 hand axe
rCold    . . .     Gourm    .   b - +0 shield
rNeg     . . .     Faith    .   (helmet restricted)
rPois    .         Spirit   .   (no amulet)
rElec    .         Reflect  .   (no ring)
rCorr    .         Harm     .   (no ring)
MR       .....                  (no ring)
Stlth    ++........             (no ring)
HPRegen  0.17/turn              (no ring)
MPRegen  0.11/turn              (no ring)
                                (no ring)
                                (no ring)

@: corroded
A: almost no armour, stealthy swim, amphibious, 8 rings, constrict 8, camouflage
1, gelatinous body 1
a: no special abilities


You were on level 8 of the Dungeon.
You were near starving.

You visited 1 branch of the dungeon, and saw 6 of its levels.

You collected 239 gold pieces.

Inventory:

Hand Weapons
 a - a +0 war axe
 y - a +4 hand axe (weapon)
Missiles
 e - 4 javelins
 u - 47 stones (quivered)
Armour
 b - a +0 shield (worn)
Jewellery
 k - a cursed ring of attention {unknown}
Wands
 w - a wand of enslavement (6)
 z - a wand of paralysis (4)
Scrolls
 g - 8 scrolls of identify {unknown}
 h - 4 scrolls of enchant weapon {unknown}
 j - a scroll of immolation {unknown}
 n - a scroll of blinking {unknown}
 o - a scroll of teleportation {unknown}
 q - 5 scrolls of remove curse {unknown}
 t - a scroll of magic mapping {unknown}
 v - a scroll of enchant armour {unknown}
 B - a scroll of fear {unknown}
Potions
 c - a potion of might
 f - 2 potions of lignification {unknown}
 i - 2 potions of haste
 l - 2 potions of flight {unknown}
 m - a potion of berserk rage {unknown}
 p - 3 potions of curing {unknown}
 r - 2 potions of brilliance {unknown}
 s - 2 potions of degeneration {unknown}
 x - a potion of cancellation {unknown}
 A - 2 potions of agility {unknown}
Comestibles
 d - 9 rations


   Skills:
 - Level 3.0 Fighting
 + Level 6.5 Axes
 - Level 3.0 Dodging
 + Level 7.2 Shields


You had 7 spell levels left.
You didn't know any spells.
Your spell library was empty.

Dungeon Overview and Level Annotations

Branches:
Dungeon (5/15)
 Temple: D:4-7

Altars:
Fedhas
Hepliaklqana
Nemelex Xobeh
Okawaru
Qazlal
Sif Muna
Yredelemnul
The Shining One

Shops:
D:5 }(


Innate Abilities, Weirdness & Mutations

You cannot wear most types of armour.
You are very stealthy in the water. (Stealth+)
You are amphibious.
You can wear up to eight rings at the same time.
You can use your tentacles to constrict eight enemies at once.
Your skin changes colour to match your surroundings (Stealth+).
Your rubbery body absorbs attacks. (AC +1, EV +1)


Message History

You are near starving!
Found a stone staircase leading down.
You block the adder's attack. The wyvern completely misses you.
Found a stone staircase leading down.
You block the wyvern's attack.
A jelly comes into view.
The adder barely misses you. The wyvern bites you!
The wyvern hisses menacingly.
The jelly quivers.
The wyvern barely misses you. The leopard gecko closely misses you.
The jelly misses you.
There is a stone staircase leading down here.
The wyvern bites you!!
* * * LOW HITPOINT WARNING * * *
You block the leopard gecko's attack. The wyvern bites you.
* * * LOW HITPOINT WARNING * * *
The jelly hits you.
* * * LOW HITPOINT WARNING * * *
The acid corrodes you!
You are splashed with acid!
You die...

. #.##......#.###
.##.............#### #
......#.#.....#....#.#
(................>...#
#...?...........#..#
#..........##...#.#
#............S....#
#..........Wol.J..#
#..........##l@..##
#..(.......##....#
#..........#.....#
.#.###.....##.....#
............##....##
...(..#.....#.....#
...l#.#.....#.#...#
... ..............#
#.#.#.#.....###..


You could see a hungry ghost, a wyvern, a jelly, an orc wizard, an adder and a
leopard gecko.

Vanquished Creatures
  Grinder (D:4)
  An ice beast (D:5)
  An ogre (D:3)
  A centaur zombie (D:4)
  A centaur skeleton (D:4)
  An orc priest (D:3)
  A hound (D:5)
  An iguana (D:3)
  2 orc wizards
  3 worker ants
  2 hound skeletons (D:4)
  Robin (D:4)
  2 worker ant zombies (D:4)
  10 gnolls
  3 adders
  An ooze (D:1)
  An adder zombie (D:4)
  An adder skeleton (D:4)
  3 worms (D:3)
  3 dart slugs
  6 leopard geckos
  10 orcs
  9 bats
  2 giant cockroaches
  18 goblins
  4 hobgoblins
  4 kobolds
  2 quokkas
  4 ball pythons
  4 frilled lizards
  2 giant cockroach zombies (D:4)
  A jackal skeleton (D:4)
  2 leopard gecko zombies (D:4)
  2 quokka zombies (D:4)
  4 rats
114 creatures vanquished.

Vanquished Creatures (others)
  A withered plant (D:4)
1 creature vanquished.

Grand Total: 115 creatures vanquished

Notes
Turn   | Place    | Note
-------+----------+-------------------------------------------
     0 | D:1      | PentaManta the Octopode Fighter began the quest for the
                  | Orb.
     0 | D:1      | Reached XP level 1. HP: 16/16 MP: 1/1
    34 | D:1      | Reached XP level 2. HP: 6/21 MP: 2/2
   624 | D:1      | Reached XP level 3. HP: 26/26 MP: 3/3
   780 | D:2      | Reached skill level 4 in Shields
   949 | D:2      | Found an iron altar of Okawaru.
   952 | D:2      | Found a deep blue altar of Sif Muna.
   960 | D:2      | Found a stormy altar of Qazlal.
   972 | D:2      | Found a blossoming altar of Fedhas.
  1698 | D:3      | Reached XP level 4. HP: 31/31 MP: 4/4
  2278 | D:3      | Reached XP level 5. HP: 19/36 MP: 5/5
  2606 | D:3      | Reached skill level 5 in Shields
  2791 | D:3      | Found a sparkling altar of Nemelex Xobeh.
  3224 | D:3      | Reached XP level 6. HP: 39/42 MP: 6/6
  3385 | D:3      | Found a glowing golden altar of the Shining One.
  3387 | D:3      | Found a basalt altar of Yredelemnul.
  3866 | D:4      | HP: 1/42 [centaur zombie (5)]
  3867 | D:4      | Reached skill level 5 in Axes
  4298 | D:4      | Reached skill level 6 in Shields
  4298 | D:4      | Reached XP level 7. HP: 36/46 MP: 7/7
  4460 | D:4      | Noticed Robin
  4473 | D:5      | Entered Level 5 of the Dungeon
  4578 | D:4      | Killed Robin
  4663 | D:3      | Found a hazy altar of Hepliaklqana.
  4848 | D:4      | Noticed Grinder
  4866 | D:4      | Killed Grinder
  4866 | D:4      | Reached skill level 7 in Shields
  4985 | D:4      | Reached XP level 8. HP: 52/52 MP: 8/8
  5020 | D:5      | Found Mularigh's Weapon Shoppe.
  5214 | D:5      | Found Qaocris's Gadget Emporium.
  5283 | D:5      | You fall through a shaft for 3 floors!
  5285 | D:8      | Noticed a wyvern
  5301 | D:8      | Splashed by a jelly's acid

Skill      XL: |  1  2  3  4  5  6  7 |
---------------+----------------------+-----
Shields        | 4 5 6 7 |  7.2
Axes           | 3 4 5 6 |  6.5
Fighting       | |  3.0
Dodging        | |  3.0

Action                   |  1- 3 |  4- 6 |  7- 9 || total
-------------------------+-------+-------+-------++-------
Melee: War axe           |    15 |       |       ||    15
       Constrict         |    19 |    36 |    19 ||    74
       Tentacles         |    16 |    39 |    16 ||    71
       Dagger            |    66 |    83 |       ||   149
       Whip              |       |    30 |       ||    30
       Hand axe          |       |    14 |    70 ||    84
Throw: Stone             |       |     1 |     6 ||     7
Evoke: Wand              |       |       |     3 ||     3
 Stab: Sleeping          |     5 |       |     2 ||     7
       Paralysed         |       |       |     6 ||     6
  Eat: Chunk             |     2 |     4 |     4 ||    10
       Ration            |       |     1 |       ||     1
Armor: Skin              |     8 |     4 |     4 ||    16
Dodge: Dodged            |    55 |    48 |    29 ||   132
Block: Shield            |    50 |    54 |    25 ||   129
